 Dungeon Crawl Stone Soup version 0.22-a0-282-gdd34a7d (webtiles) character file.

290 tsouns the Covert (level 6, -5/47 HPs)
             Began as a Vampire Assassin on Mar 17, 2018.
             Slain by Grinder (6 damage)
             ... on level 3 of the Dungeon.
             The game lasted 00:06:50 (1824 turns).

tsouns the Covert (Vampire Assassin)                Turns: 1824, Time: 00:06:50

Health: -5/47      AC:  4    Str: 10    XL:     6   Next: 9%
Magic:  6/6        EV: 12    Int: 15    God:
Gold:   109        SH:  0    Dex: 16    Spells: 5/5 levels left

rFire    . . .     SeeInvis +   a - +2 dagger
rCold    . . .     Gourm    .   (no shield)
rNeg     . . .     Faith    .   c - +0 robe
rPois    +         Spirit   .   (no helmet)
rElec    .         Reflect  .   o - +1 cloak
rCorr    .         Harm     .   (no gloves)
MR       .....                  (no boots)
Stlth    ++++......             (no amulet)
HPRegen  0.35/turn              j - ring of poison resistance
MPRegen  0.10/turn              l - ring of wizardry

@: regenerating quickly, hasted, very quick
A: fangs 3, see invisible, unbreathing
a: no special abilities


You were on level 3 of the Dungeon.
You were very full.

You visited 1 branch of the dungeon, and saw 3 of its levels.

You collected 109 gold pieces.

Inventory:

Hand Weapons
 a - a +2 dagger (weapon)
 b - a +0 blowgun
Missiles
 e - 8 poisoned needles
 f - a curare-tipped needle
 h - 89 stones (quivered)
 i - 21 sling bullets
 r - 4 tomahawks
Armour
 c - a +0 robe (worn)
 o - a +1 cloak (worn)
Jewellery
 j - a ring of poison resistance (left hand)
 l - a ring of wizardry (right hand)
Wands
 q - a wand of flame (34)
Scrolls
 p - 3 scrolls of teleportation
Potions
 d - a potion of ambrosia {unknown}
 g - a potion of blood
 k - a potion of flight {unknown}
 m - a potion of curing {unknown}
 n - a potion of haste


   Skills:
 + Level 3.6 Fighting
 + Level 4.4 Short Blades
 - Level 1.5 Throwing
 - Level 1.1 Dodging
 + Level 8.1 Stealth


You had 5 spell levels left.
You didn't know any spells.

Dungeon Overview and Level Annotations

Branches:
Dungeon (3/15)

Altars:
Sif Muna

Annotations:
D:3 Grinder


Innate Abilities, Weirdness & Mutations

Your natural rate of healing is unusually fast.
You have razor-sharp teeth.
You have supernaturally acute eyesight. (SInv)
You can survive without breathing.


Message History

Grinder is heavily wounded.
Grinder hits you.
You writhe in agony.
You barely miss Grinder. You bite Grinder.
Grinder is severely wounded.
You hit Grinder.
Grinder is severely wounded.
Grinder hits you!
You closely miss Grinder.
Grinder is severely wounded.
Grinder completely misses you.
You hit Grinder.
Grinder is severely wounded.
Grinder hits you!
* * * LOW HITPOINT WARNING * * *
You writhe in agony.
* * * LOW HITPOINT WARNING * * *
It was a potion of haste.
You feel yourself speed up. Grinder hits you.
* * * LOW HITPOINT WARNING * * *
You writhe in agony.
You die...

##...####...#.##.##..#)[#..#
#... #...# ##.......#...#))#..#
##.# #...# ####.####...####..#
#.# #...# ##.####......P..# #..
###.## .....#.........## ### #
#.######.##.##.#.##.......#####
#
#........#>.........#..##......
###..####..#
#.#5#.####..########
.......##.. #..@#.......#
.....#.....#####.#......##
.###.####....#...######## .#
#... ##.#.### .####### #...#
....# ##.## .##.# #.# .##.###
#.# #.....# #.##


You could see Grinder.

Vanquished Creatures
  A phantom (D:3)
  Crazy Yiuf (D:2)
  Terence (D:2)
  4 gnolls
  3 adders
  An ooze (D:2)
  A worm (D:2)
  4 dart slugs
  A leopard gecko (D:3)
  6 orcs (D:3)
  3 giant cockroaches
  10 goblins
  6 hobgoblins
  A quokka (D:2)
  A ball python (D:1)
  5 bats
  3 frilled lizards (D:2)
  9 kobolds
  3 rats
64 creatures vanquished.

Notes
Turn   | Place    | Note
-------+----------+-------------------------------------------
     0 | D:1      | tsouns the Vampire Assassin began the quest for the Orb.
     0 | D:1      | Reached XP level 1. HP: 16/16 MP: 1/1
   148 | D:1      | Reached skill level 6 in Stealth
   222 | D:1      | Reached XP level 2. HP: 7/22 MP: 2/2
   717 | D:2      | Reached XP level 3. HP: 27/27 MP: 3/3
   919 | D:2      | Reached XP level 4. HP: 34/34 MP: 4/4
   971 | D:2      | Reached skill level 7 in Stealth
  1107 | D:2      | Noticed Terence
  1111 | D:2      | Killed Terence
  1151 | D:2      | Found a runed door.
  1180 | D:2      | Noticed Crazy Yiuf
  1186 | D:2      | Killed Crazy Yiuf
  1186 | D:2      | Reached XP level 5. HP: 41/41 MP: 5/5
  1253 | D:2      | Found a deep blue altar of Sif Muna.
  1536 | D:3      | Noticed a phantom
  1543 | D:3      | Killed a phantom
  1543 | D:3      | Reached skill level 8 in Stealth
  1543 | D:3      | Reached XP level 6. HP: 47/47 MP: 6/6
  1796 | D:3      | Noticed Grinder
  1800 | D:3      | Paralysed by Grinder for 3 turns
  1824 | D:3      | HP: 1/47 [Grinder (5)]
  1824 | D:3      | Slain by Grinder

Vault maps used:
D:1:      dpeg_arrival_simpleton_b
D:2:      lemuel_blue_sif_altar, first_ration, uniq_crazy_yiuf_cottage,
          uniq_terence
D:3:      nicolae_overflow_hidden_temple, minivault_27, grunt_decor_resistance,
          corexii_shack, uniq_sigmund, uniq_grinder

Skill      XL: |  1  2  3  4  5 |
---------------+----------------+-----
Fighting       | 2 3 |  3.6
Stealth        | 6 7 8 |  8.1
Short Blades   | 3 4 |  4.4
Throwing       | |  1.5
Dodging        | |  1.1

Action                   |  1- 3 |  4- 6 || total
-------------------------+-------+-------++-------
Melee: Dagger            |    91 |   138 ||   229
       Bite              |    12 |    15 ||    27
 Fire: Blowgun           |       |     4 ||     4
Evoke: Wand              |       |     1 ||     1
  Use: Scroll            |       |     4 ||     4
       Potion            |       |     1 ||     1
 Stab: Sleeping          |     7 |     6 ||    13
  Eat: Corpse            |    10 |     4 ||    14
Armor: Robe              |    17 |    27 ||    44
Dodge: Dodged            |    49 |    61 ||   110

Table legend:
 A = Spawn XP
 B = Non-spawn XP
 C = Spawn XP percentage of total XP
 D = Spawn monster count
 E = Non-spawn monster count
 F = Spawn count percentage of total count
 G = Total turns spent on level
                    A         B        C        D         E        F      G
               +---------+---------+-------+---------+---------+-------+---------
         Total |       0 |     415 |   0.0 |       0 |      64 |   0.0 |  1824
               +---------+---------+-------+---------+---------+-------+---------
           D:1 |       0 |      49 |   0.0 |       0 |      19 |   0.0 |   747
           D:2 |       0 |     177 |   0.0 |       0 |      22 |   0.0 |   610
           D:3 |       0 |     189 |   0.0 |       0 |      23 |   0.0 |   467
               +---------+---------+-------+---------+---------+-------+---------
